 Dungeon Crawl Stone Soup version 0.31-a0-1-g4198be8af4 (webtiles) character file.

Game seed: 8856390522615249349

120 Maxmaps the Conjurer (level 4, -2/35 HPs)
             Began as a Demonspawn Conjurer on May 2, 2023.
             Slain by a kobold brigand
             ... wielding a +0 dagger
              (6 damage)
             ... in a sewer.
             The game lasted 00:04:46 (2574 turns).

Maxmaps the Conjurer (Demonspawn Conjurer)          Turns: 2574, Time: 00:04:46

Health: -2/35      AC:  2    Str:  7    XL:     4   Next: 75%
Magic:  7/9        EV: 12    Int: 21    God:
Gold:   91         SH:  0    Dex: 12    Spells: 8/9 levels left

rFire   . . .        g - +1 short sword (venom)
rCold   . . .        (no shield)
rNeg    . . .        a - +0 robe
rPois   .            (helmet restricted)
rElec   .            (no cloak)
rCorr   .            (no gloves)
SInv    .            (no boots)
Will    .....        (no amulet)
Stlth   ++           (no ring)
HPRegen 0.25/turn    (no ring)
MPRegen 0.11/turn

%: no passive effects
@: mighty, unable to drink
A: claws 2, antennae 1, inability to drink after injury 1
a: no special abilities


You were in a sewer.
You visited 1 branch of the dungeon, and saw 3 of its levels.
You also visited: Sewer.

You collected 91 gold pieces.

Inventory:

Hand Weapons
 g - a +1 short sword of venom (weapon)
Armour
 a - a +0 robe (worn)
Scrolls
 b - a scroll of identify {unknown}
 c - 3 scrolls of immolation {unknown}
 e - 2 scrolls of teleportation {unknown}
 h - a scroll of magic mapping {unknown}
 i - a scroll of fog {unknown}
 j - a scroll of enchant weapon {unknown}
 k - a scroll of noise {unknown}
 l - a scroll of enchant armour {unknown}
 m - a scroll of blinking {unknown}
Potions
 d - a potion of attraction


   Skills:
 + Level 3.3 Fighting
 - Level 1.7 Dodging
 - Level 1.7 Stealth
 - Level 3.3 Spellcasting
 - Level 4.0 Conjurations


You had 8 spell levels left.
You knew the following spells:

 Your Spells              Type           Power      Damage    Failure   Level
a - Magic Dart            Conj           80%        1d7       2%          1

Your spell library contained the following spells:

 Spells                   Type           Power      Damage    Failure   Level
 Searing Ray              Conj           40%        2d5       3%          2
 Dazzling Flash           Conj/Hex       22%        N/A       17%         3
 Fulminant Prism          Conj/Hex       5%         3d7       50%         4
 Iskenderun's Mystic Bla  Conj/Tloc      11%        2d4       50%         4
 Cause Fear               Hex            1%         N/A       77%         4
 Dragon Form              Tmut           1%         N/A       100%        7
 Dragon's Call            Summ           1%         N/A       100%        9


Dungeon Overview and Level Annotations

Branches:
Dungeon (3/15)              Sewer (1/1)

Altars:


Innate Abilities, Weirdness & Mutations

You have very sharp fingernails.
You have a pair of small antennae on your head.
You occasionally lose the ability to drink potions when taking damage.


Message History

Confirm with . or Enter, or press ? or * to list all spells.
Aiming: Magic Dart (safe; 2% risk of failure)
Press: ? - help, Shift-Dir - straight line, f - kobold
Aim: a kobold, wielding a +0 whip (100% to hit)
The magic dart hits the kobold but does no damage.
You feel sick.
Casting: Magic Dart (safe; 2% risk of failure)
Confirm with . or Enter, or press ? or * to list all spells.
You don't know that spell.
Unknown command.
It was a potion of invisibility.
You fade into invisibility!
You feel sick. The kobold closely misses you.
It was a potion of cancellation.
Your magical effects are unravelling.
You feel magically purged.
You feel yourself speed up.
You feel yourself slow down.
You flicker back into view.
You feel sick.
The kobold brigand hits you but does no damage.
The kobold misses you.
It was a potion of might.
You feel very mighty all of a sudden.
You feel sick.
The kobold brigand hits you with a +0 dagger.
You feel threatened and lose the ability to drink potions!
The kobold hits you with a +0 whip.
Casting: Magic Dart (safe; 2% risk of failure)
Confirm with . or Enter, or press ? or * to list all spells.
Okay, then.
You closely miss the kobold brigand.
You feel sick.
You are no longer poisoned.
The kobold brigand hits you with a +0 dagger.
* * * LOW HITPOINT WARNING * * *
The kobold hits you with a +0 whip.
* * * LOW HITPOINT WARNING * * *
You puncture the kobold brigand!
The kobold brigand is poisoned.
The kobold brigand is moderately wounded.
The kobold brigand hits you with a +0 dagger.
You die...

#~~~~~~~~~~~~~~~~~~~
#≈~≈≈≈≈≈~≈≈≈≈≈~≈≈≈≈≈
~~~~~~~~~~~~~~~~~~~
######~##########~~~~##
#....#~P~~...~~P~~~~~~~
#[∩..'~~~~...~~~P~~~~~P
#K...)~P.~.......~~~~..
#K................
#@K....##.....P...
##########...#....
#...#.... #####..## #


You could see a kobold brigand (very poisoned) and a kobold.

Vanquished Creatures
  Jessica (D:2)
  2 adders
  A worm (D:2)
  A dart slug (D:1)
  6 ball pythons
  5 endoplasms
  4 giant cockroaches
  4 goblins
  3 hobgoblins
  7 jackals
  3 quokkas
  7 bats
  3 frilled lizards (D:1)
  16 kobolds
  4 rats
67 creatures vanquished.

Notes
Turn   | Place    | Note
-------+----------+-------------------------------------------
     0 | D:1      | Maxmaps the Demonspawn Conjurer began the quest for the
                  | Orb.
     0 | D:1      | Reached XP level 1. HP: 13/13 MP: 3/3
   378 | D:1      | Discovered your monstrous ancestry.
   378 | D:1      | Gained mutation: You have sharp fingernails. [demonic
                  | ancestry]
   378 | D:1      | Reached XP level 2. HP: 19/19 MP: 1/5
  1238 | D:2      | Gained mutation: You have very sharp fingernails. [demonic
                  | ancestry]
  1238 | D:2      | Reached XP level 3. HP: 23/24 MP: 3/7
  1346 | D:2      | Noticed Jessica
  1353 | D:2      | Killed Jessica
  1354 | D:2      | Reached skill level 1 in Fighting
  1487 | D:2      | Reached XP level 4. HP: 33/33 MP: 5/9
  2164 | D:3      | Found a glowing drain.
  2173 | Sewer    | Entered a sewer
  2381 | Sewer    | HP: 1/35 [kobold/+0 dagger (4)]
  2564 | Sewer    | Noticed a kobold brigand
  2567 | Sewer    | Gained mutation: You occasionally lose the ability to drink
                  | potions when taking damage. [potion of mutation]
  2567 | Sewer    | Gained mutation: You have a pair of small antennae on your
                  | head. [potion of mutation]
  2574 | Sewer    | Slain by a kobold brigand

Illustrated notes

Levels and vault maps discovered:
D:1:      dpeg_arrival_orchard, layout_rooms, serial_co_window_serial,
          co_window_corner_a, co_window_of_opportunity_a, co_window_corner_a,
          co_window_paths_a, co_window_of_opportunity_a,
          co_window_of_opportunity_a, co_window_corner_b,
          co_window_of_opportunity_b, co_window_2corner, co_window_paths_e,
          glass_columns_b, columned_hall_lemuel
D:2:      layout_basic, uniq_jessica
D:3:      layout_basic, kiku_gazebo_garden_becter,
          nicolae_overflow_crystal_walls, mainiacjoe_overflow_catwalk_spiral,
          portal_sewer_entry_d
Sewer:    kennysheep_pipe_town

Skill      XL: |  1  2  3  4 |
---------------+-------------+-----
Spellcasting   | 3 |  3.3
Fighting       | 2 3 |  3.3
Dodging        | |  1.7
Stealth        | |  1.7
Conjurations   | |  4.0

Action                     |  1- 3 |  4- 6 || total
---------------------------+-------+-------++-------
  Melee: Unarmed           |    19 |       ||    19
         Short sword       |     5 |    44 ||    49
         Punch             |       |     1 ||     1
   Cast: Magic Dart        |    67 |    42 ||   109
    Use: Potion            |     1 |     6 ||     7
 Armour: Robe              |     3 |    19 ||    22
  Dodge: Dodged            |    18 |    47 ||    65

Table legend: (Time is in decaauts)
 A = Elapsed time spent in this place.
 B = Non-inter-level travel time spent in this place.
 C = Inter-level travel time spent in this place.
 D = Time resting spent in this place.
 E = Time spent auto-exploring this place.
 F = Levels seen in this place.
 G = Mean time per level.
                   A        B        C        D        E       F      G
               +--------+--------+--------+--------+--------+-----+--------+
         Total |   2595 |   2537 |     58 |    254 |   1888 |   4 |  648.8 |
       Dungeon |   2176 |   2118 |     58 |     82 |   1765 |   3 |  725.3 |
         Sewer |    419 |    419 |      0 |    172 |    123 |   1 |  419.0 |
               +--------+--------+--------+--------+--------+-----+--------+

Top non-repeatable levels by time:
     D:1: 1225 daAuts
     D:2: 919 daAuts
   Sewer: 419 daAuts
     D:3: 30 daAuts
